Cogmind - Beta 10.2 @@@ ROGUE MODE // 2021.07.22 @ 20:17:34 Player: zapruda Result: Destroyed by S-27 Virus with Autogun Performance ------------- Evolutions (4) 2000 Regions Visited (5) 1000 Robots Destroyed (66) 330 Value Destroyed (1443) 1443 Prototype IDs (9) 180 Alien Tech Used (0) 0 Bonus (214) 214 TOTAL SCORE: 5167 Bonus ------- High Alert Combat Kills 214 Cogmind --------- Core Integrity 0/850 Matter 26/300 Energy 100/100 System Corruption 3% Temperature Cool (0) Movement Core (100) Ox1 Location -6/Factory Parts ------- > --- POWER (2) -------- (None) > --- PROPULSION (2) --- (None) > --- UTILITY (9) ------ Enhanced Optical Array Core Analyzer > --- WEAPON (2) ------- Coil Gun > --- INVENTORY (4) ---- Light Fission Core Remote Datajack Peak State ------------ > --- POWER ------------ Light Angular Momentum Engine Fission Core > --- PROPULSION ------- Armored Leg Gravmag System > --- UTILITY ---------- Triangulator Enhanced Optical Array Core Analyzer Transmission Jammer Hacking Suite Hacking Suite Hacking Suite Hacking Suite System Backup Module > --- WEAPON ----------- Remote Datajack Heavy Pick > --- INVENTORY -------- Improved Heat Sink Component Analysis Suite [Rating: 60] Favorites ----------- Power Improved Ion Engine Engine Improved Ion Engine Power Core Light Nuclear Core Propulsion Improved Flight Unit Leg Armored Leg Wheel Wheel Hover Unit Hover Unit Flight Unit Improved Flight Unit Utility Hacking Suite Device Advanced Weight Redist. System Storage Small Storage Unit Processor Signal Interpreter Hackware Hacking Suite Protection Core Shielding Weapon Minigun Energy Gun EM Pulse Gun Energy Cannon EM Pulse Cannon Ballistic Gun Minigun Launcher Improved Grenade Launcher Special Weapon Remote Datajack Piercing Weapon Heavy Pick Build | -11 -10 -9 -8 -7 -6 ------- Run | Scr Mat Mat Mat Fac Fac Slots Evolved 8 | . . 2 2 2 2 Power 1 | . . . 1 . . Propulsion . | . . . . . . Utility 7 | . . 2 1 2 2 Weapon . | . . . . . . Parts Attached 98 | 7 3 32 7 10 39 Power 17 | 1 1 5 . 3 7 Engine 11 | 1 1 4 . 1 4 Core 6 | . . 1 . 2 3 Reactor . | . . . . . . Propulsion 20 | 2 2 7 1 1 7 Treads . | . . . . . . Leg 3 | . . . . . 3 Wheel 2 | 2 . . . . . Hover 8 | . 2 2 . . 4 Flight 7 | . . 5 1 1 . Utility 37 | 2 . 10 5 4 16 Device 23 | 1 . 6 3 3 10 Storage 1 | 1 . . . . . Processor 5 | . . 2 . 1 2 Hackware 6 | . . . 2 . 4 Protection 2 | . . 2 . . . Artifact . | . . . . . . Weapon 24 | 2 . 10 1 2 9 Energy Gun 6 | 2 . 1 . 1 2 Energy Cannon 2 | . . 1 . 1 . Ballistic Gun 11 | . . 8 . . 3 Ballistic Cannon . | . . . . . . Launcher 1 | . . . 1 . . Special Weapon 1 | . . . . . 1 Impact Weapon . | . . . . . . Slashing Weapon . | . . . . . . Piercing Weapon 3 | . . . . . 3 Special Melee Weapon . | . . . . . . Unidentified Prototypes 8 | . . 3 . 3 2 Parts Lost 34 | . . 5 3 10 16 Power 4 | . . 1 1 2 . Propulsion 9 | . . 3 . 2 4 Utility 15 | . . 1 1 3 10 Weapon 6 | . . . 1 3 2 Highest Loss Streak 7 | . . 1 3 7 4 Average Slot Usage (%) 75 | . 97 88 84 63 63 Engine 3 | . 14 5 4 . 2 Core 2 | . . 5 . . 2 Leg 1 | . . . . . 3 Wheel 1 | . 22 . . . . Hover 3 | . 2 7 . . 3 Flight 6 | . . 9 18 13 . Device 13 | . 14 11 19 18 11 Storage 1 | . 14 . . . . Processor 14 | . . 19 10 9 15 Hackware 9 | . . . 14 15 17 Protection 3 | . . 10 . . . Energy Gun 2 | . 28 . . . 1 Ballistic Gun 6 | . . 16 13 . . Launcher 1 | . . . 4 4 . Naked Turns . | . . . . . . Heaviest Build 29 | 14 14 15 16 17 29 Greatest Support 21 | 20 20 21 21 17 16 Greatest Overweight (x) 4 | 1 4 4 1 4 2 Average Overweight (x) . | . . . . . . Largest Inventory Capacity 6 | 6 6 6 4 4 4 Average Capacity 4 | 5 6 4 4 4 4 Most Carried 6 | 5 6 5 4 4 4 Average Carried 3 | 2 4 3 3 3 2 Final Capacity 6 | 6 6 4 4 4 4 Final Carried 5 | 3 5 4 4 1 2 Class Distribution -------------------- 48% | Hacker-Mutant 14% | Scavenger-Mutant 9% | Mutant 9% | Scavenger-Skirmisher 6% | Sprinter 4% | Hacker-Scout 4% | Hacker-Sprinter Dominant Class ---------------- Mutant | -10/Materials Scavenger-Mutant | -9/Materials Hacker-Sprinter | -8/Materials Hacker-Mutant | -7/Factory Hacker-Mutant | -6/Factory Resources | -11 -10 -9 -8 -7 -6 ----------- Run | Scr Mat Mat Mat Fac Fac Matter Collected 1475 | 250 50 684 150 149 192 Remotely . | . . . . . . Salvage Created 2174 | 79 192 1268 368 68 199 Parts 155 | 7 15 92 21 4 16 Haulers Intercepted 9 | . 2 5 2 . . Recyclers Shooed . | . . . . . . Parts Field Recycled 2 | . . . . . 2 Retrieved Matter 56 | . . . . . 56 Parts Self-Destructed . | . . . . . . Prevented . | . . . . . . Kills | -11 -10 -9 -8 -7 -6 ------- Run | Scr Mat Mat Mat Fac Fac Combat Hostiles Destroyed 36 | . . 28 5 1 2 Melee 2 | . . . . . 2 Guns 23 | . . 21 2 . . Cannons 7 | . . 6 . 1 . AOE 4 | . . 1 3 . . Classes Destroyed 11 | 1 3 4 1 . 2 Worker 4 | . 1 . 1 . 2 Builder 2 | . . . . . 2 Tunneler 3 | 3 . . . . . Hauler 9 | . 2 5 2 . . Recycler 1 | . . . 1 . . Operator 5 | . . 3 . . 2 Watcher 6 | . 3 2 1 . . Swarmer 11 | . . 11 . . . Grunt 16 | . . 12 3 . 1 Sentry 8 | . . 5 2 1 . Programmer 1 | . . . . . 1 Best Kill Streak 8 | 3 5 8 6 1 3 Combat Bots Only 8 | . . 8 3 1 1 Max Kills in Single Turn 2 | 1 1 2 1 1 1 Gunslinging 1 | . . 1 . . . Exploded 1 | . . 1 1 . . Melee 1 | . . . . . 1 Uniques/NPCs Destroyed . | . . . . . . Combat | -11 -10 -9 -8 -7 -6 -------- Run | Scr Mat Mat Mat Fac Fac Damage Taken 4353 | . 32 831 399 1147 1944 Core 1671 | . 6 236 30 540 859 Absorbed by Shields . | . . . . . . Core Remaining (%) 70 | 100 97 41 94 22 . Volleys Fired 153 | 5 15 84 28 11 10 Largest 2 | 1 2 2 2 1 2 Hottest 155 | 40 80 80 61 90 155 Shots Fired 260 | 5 30 145 55 11 14 Gun 229 | 5 30 131 50 1 12 Cannon 24 | . . 14 . 10 . Launcher 5 | . . . 5 . . Special 2 | . . . . . 2 Kinetic 183 | . . 129 50 . 4 Thermal 19 | . . . . 11 8 Explosive 5 | . . . 5 . . Electromagnetic 51 | 5 30 16 . . . Robot Hit Streak 14 | 3 2 14 9 5 9 Robot Miss Streak 7 | 2 5 7 3 2 . Penetration Max 1 | . . . . . 1 Secondary Targets 8 | . . 7 1 . . Max Gunslinging Chain 1 | . . 1 1 . . Shots Hit Robots 169 | 3 12 90 37 4 23 Core Hits 92 | 3 8 43 22 3 13 Critical Hits 1 | . . . . . 1 Critical Kills . | . . . . . . Critical Parts Destroyed 1 | . . . . . 1 Melee Attacks 22 | . . . . . 22 Impact . | . . . . . . Slashing . | . . . . . . Piercing 22 | . . . . . 22 Sneak Attacks 7 | . . . . . 7 Combat Hostiles . | . . . . . . Follow-up Attacks . | . . . . . . Damage Inflicted 4411 | 40 240 1666 1020 282 1163 Guns 2317 | 40 240 1350 539 38 110 Cannons 512 | . . 270 . 242 . Explosions 527 | . . 46 481 . . Melee 1042 | . . . . . 1042 Ramming 13 | . . . . 2 11 Kinetic 1983 | . . 1334 539 . 110 Thermal 326 | . . 46 . 280 . Explosive 481 | . . . 481 . . Electromagnetic 566 | 40 240 286 . . . Impact . | . . . . . . Slashing . | . . . . . . Piercing 1042 | . . . . . 1042 Highest Corruption 3 | . . . . 2 3 Average Corruption 1 | . . . . 1 1 Corruption Purged 1 | . . . . . 1 Effects 7 | . . . . . 7 Message Errors 2 | . . . . . 2 Data Loss (minor) 3 | . . . . . 3 Targeting Errors 2 | . . . . . 2 Overload Shots 9 | . . . . 9 . Overflow Damage 259 | . . 1 . 7 251 Projectiles 8 | . . 1 . 7 . Explosions 7 | . . . . . 7 Melee 244 | . . . . . 244 Knockbacks . | . . . . . . Impact . | . . . . . . Kinetic . | . . . . . . Secondary . | . . . . . . Self-Inflicted Damage 73 | . . . . 1 72 Shots 1 | . . . . . 1 Rammed 5 | . . . . 1 4 Targets Rammed 5 | . . . . 1 4 Kicked . | . . . . . . Crushed . | . . . . . . Highest Temperature 360 | . 74 72 70 126 360 Average Temperature 36 | . 30 16 14 63 162 Received Heat Transfer 1182 | . 15 249 216 222 480 Effects 1 | . . . . . 1 Short Circuit 1 | . . . . . 1 Siege Activations . | . . . . . . Robots Corrupted . | . . . . . . Combat Hostiles . | . . . . . . Parts Fried 3 | . 2 1 . . . Impact Corruptions . | . . . . . . Robots Melted . | . . . . . . Combat Hostiles . | . . . . . . Parts Melted . | . . . . . . Heat Transferred 375 | . . 100 . 275 . Parts Sabotaged . | . . . . . . Parts Stolen . | . . . . . . Parts Stripped . | . . . . . . Power Chain Reactions 1 | . . 1 . . . Missiles Intercepted . | . . . . . . Alert | -11 -10 -9 -8 -7 -6 ------- Run | Scr Mat Mat Mat Fac Fac Peak Influence 950 | 15 83 950 659 319 634 Initial 401 | . 9 34 401 299 96 Average 368 | 2 31 507 537 274 343 Maximum Alert Level 3 | . . 3 2 1 2 Low Security (%) 24 | 100 100 14 . 5 30 Level 1 25 | . . 8 . 94 15 Level 2 45 | . . 63 100 . 53 Level 3 4 | . . 12 . . . Level 4 . | . . . . . . Level 5 . | . . . . . . High Security . | . . . . . . Max Security . | . . . . . . Squads Dispatched 16 | . . 6 1 2 7 Investigation 3 | . . 1 1 . 1 Extermination 3 | . . . . 2 1 Reinforcement 7 | . . 4 . . 3 Assault 3 | . . 1 . . 2 Garrison . | . . . . . . Intercept . | . . . . . . Construction Impeded . | . . . . . . Haulers Reinforced . | . . . . . . Stealth | -11 -10 -9 -8 -7 -6 --------- Run | Scr Mat Mat Mat Fac Fac Distress Signals 11 | . . 8 . 1 2 Communications Jammed 12 | . . . . . 12 Distress Signals 11 | . . . . . 11 Times Spotted 149 | . 11 66 12 12 48 Peak Tracking Total 12 | . 5 10 6 7 12 Tactical Retreats 25 | . . 11 3 3 8 Traps | -11 -10 -9 -8 -7 -6 ------- Run | Scr Mat Mat Mat Fac Fac Traps Triggered 5 | . . . . . 5 Indirectly . | . . . . . . Trap Hack Attempts . | . . . . . . Triggered . | . . . . . . Disarmed . | . . . . . . Reprogrammed . | . . . . . . Reused . | . . . . . . Traps Extracted . | . . . . . . Installed . | . . . . . . Triggered . | . . . . . . Machines | -11 -10 -9 -8 -7 -6 ---------- Run | Scr Mat Mat Mat Fac Fac Machines Disabled 4 | . 1 1 . . 2 Max in Single Turn 1 | . 1 1 . . 1 Machines Sabotaged . | . . . . . . Garrisons Compromised . | . . . . . . Overloaded Fab Kills . | . . . . . . Fab Network Shutdowns 1 | . . . . . 1 Hacking | -11 -10 -9 -8 -7 -6 --------- Run | Scr Mat Mat Mat Fac Fac Machines Accessed 5 | . 1 1 1 1 1 Terminals 1 | . 1 . . . . Fabricators 1 | . . . . . 1 Repair Stations . | . . . . . . Recycling Units 1 | . . . . 1 . Scanalyzers 2 | . . 1 1 . . Garrison Access . | . . . . . . Total Hacks 23 | . 2 4 11 1 5 Successful 20 | . 1 4 11 1 3 Failed 3 | . 1 . . . 2 Catastrophic . | . . . . . . Database Lockouts . | . . . . . . Manual . | . . . . . . Terminals 2 | . 2 . . . . Fabricators 5 | . . . . . 5 Repair Stations . | . . . . . . Recycling Units 1 | . . . . 1 . Scanalyzers 15 | . . 4 11 . . Garrison Access . | . . . . . . Terminal Hacks 1 | . 1 . . . . Robot Analysis 1 | . 1 . . . . Fabricator Hacks 3 | . . . . . 3 Load Schematic 1 | . . . . . 1 Build 2 | . . . . . 2 Repair Station Hacks . | . . . . . . Recycling Unit Hacks 1 | . . . . 1 . Report Inventory 1 | . . . . 1 . Scanalyzer 15 | . . 4 11 . . Insert Component 7 | . . 2 5 . . Analyze 8 | . . 2 6 . . Garrison Access Hacks . | . . . . . . Unauthorized Hacks . | . . . . . . Terminals . | . . . . . . Fabricators . | . . . . . . Repair Stations . | . . . . . . Recycling Units . | . . . . . . Scanalyzers . | . . . . . . Garrison Access . | . . . . . . Data Cores Recovered . | . . . . . . Used . | . . . . . . Hacking Detections 4 | . 1 1 1 . 1 Full Trace Events 3 | . . 1 1 . 1 Feedback Events 1 | . . . . . 1 Hackware Fried 1 | . . . . . 1 Feedback Blocked . | . . . . . . Robot Schematics Acquired . | . . . . . . Robots Built . | . . . . . . Matter . | . . . . . . Time . | . . . . . . Total Robot Build Rating . | . . . . . . Part Schematics Acquired 7 | . . 2 5 . . Parts Built 2 | . . . . . 2 Matter 292 | . . . . . 292 Time 72 | . . . . . 72 Total Part Build Rating 6 | . . . . . 6 Parts Repaired . | . . . . . . Time . | . . . . . . Parts Recycled . | . . . . . . Recycled Matter . | . . . . . . Retrieved Matter . | . . . . . . Retrieved Components . | . . . . . . Parts Scanalyzed 7 | . . 2 5 . . Part Schematics Acquired 7 | . . 2 5 . . Parts Damaged 1 | . . . 1 . . Bothacking | -11 -10 -9 -8 -7 -6 ------------ Run | Scr Mat Mat Mat Fac Fac Used RIF Installer . | . . . . . . Robots Hacked 1 | . . . . . 1 Non-combat 1 | . . . . . 1 Combat . | . . . . . . Robot Hacks Applied 2 | . . . . . 2 no_distress 1 | . . . . . 1 check_alert 1 | . . . . . 1 Relay Couplers Released . | . . . . . . Robots Rewired . | . . . . . . Allies Hacked . | . . . . . . Hacks Repelled . | . . . . . . Allies | -11 -10 -9 -8 -7 -6 -------- Run | Scr Mat Mat Mat Fac Fac Total Allies . | . . . . . . Largest Group . | . . . . . . Highest-Rated Group . | . . . . . . Highest-Rated Ally . | . . . . . . Total Orders . | . . . . . . Ally Attacks . | . . . . . . Total Damage . | . . . . . . Kills . | . . . . . . Allies Corrupted . | . . . . . . Allies Melted . | . . . . . . Intel | -11 -10 -9 -8 -7 -6 ------- Run | Scr Mat Mat Mat Fac Fac Robot Analysis Total 1 | . 1 . . . . Derelict Logs Recovered . | . . . . . . Drone Launches . | . . . . . . Drone Recoveries . | . . . . . . Exploration | -11 -10 -9 -8 -7 -6 ------------- Run | Scr Mat Mat Mat Fac Fac Turns Passed 3171 | 64 214 985 237 590 1081 Spaces Moved 3127 | 51 190 851 266 740 1029 Core 417 | 18 3 13 . 9 374 Treads . | . . . . . . Legs 126 | . . . . . 126 Wheels 200 | 33 167 . . . . Hover 763 | . 20 214 . . 529 Flight 1621 | . . 624 266 731 . Fastest Speed 32 | 50 56 32 32 35 50 Average Speed 74 | 73 81 81 50 66 81 Slowest Speed 280 | 90 250 280 105 250 190 Overloaded Moves . | . . . . . . Propulsion Burnouts . | . . . . . . Robots Hopped 9 | . . 7 . 2 . Cave-ins Triggered . | . . . . . . Exploration Rate (%) 33 | 3 36 71 32 25 34 Regions Visited 5 Branch Regions . Pre-discovered Areas . | . . . . . . Known Exits Taken 2 | . . 1 1 . . Unknown Exits Taken 3 | 1 1 . . 1 . Scrap Searched . | . . . . . . Spaces Dug 3 | . . . . 3 . Terrain Destroyed 46 | . . 5 31 5 5 Melee . | . . . . . . Projectile 6 | . . . 1 5 . AOE 40 | . . 5 30 . 5 Terrain Rammed . | . . . . . . Walls Destroyed . | . . . . . . Machines Disabled . | . . . . . . Actions | -11 -10 -9 -8 -7 -6 --------- Run | Scr Mat Mat Mat Fac Fac Total 3685 | 72 220 1024 325 824 1220 Wait 158 | . . 16 13 52 77 Move 3104 | 50 189 836 265 735 1029 Hop 9 | . . 7 . 2 . Pick Up 74 | 10 7 21 7 7 22 Fast Attach 30 | . 1 11 . 3 15 Attach 61 | 7 2 17 4 7 24 Detach 6 | . . 1 . . 5 Swap 7 | . . 4 3 . . Drop 56 | . 6 27 5 6 12 Fire 153 | 5 15 84 28 11 10 Melee 22 | . . . . . 22 Ram 5 | . . . . 1 4 Kick . | . . . . . . Crush . | . . . . . . Escape Stasis . | . . . . . . Rewire . | . . . . . . Trap . | . . . . . . Miscellaneous . | . . . . . . Route ------- -11/Scrapyard -10/Materials -9/Materials (discovered 7 exits: *Mat x3 / *Min x2 / [*Sto x2]) -8/Materials -7/Factory -6/Factory History --------- Turn | Location | Event 8 | -11/Scrapyard | Discovered new exit (range 15) 65 | -11/Scrapyard | Entered Materials 227 | -10/Materials | Discovered new exit (range 15) 279 | -10/Materials | Entered another Materials area 279 | -9/Materials | Evolved 2 slots: Utility x2 556 | -9/Materials | Destroyed 8 combat bots 561 | -9/Materials | Discovered new exit (range 14) 674 | -9/Materials | Discovered new exit (range 9) 774 | -9/Materials | Discovered new exit (range 5) 808 | -9/Materials | Build established: Scavenger-Skirmisher 821 | -9/Materials | Core integrity fell below 50% 1038 | -9/Materials | Discovered new exit (range 18) 1044 | -9/Materials | Identified exit to Mines 1079 | -9/Materials | First assault squad dispatched 1096 | -9/Materials | Discovered new exit (range 3) 1125 | -9/Materials | Discovered exit to Mines (range 7) 1261 | -9/Materials | Discovered new exit (range 7) 1263 | -9/Materials | Identified exit to Materials 1264 | -9/Materials | Entered another Materials area 1264 | -8/Materials | Evolved 2 slots: Power x1, Utility x1 1431 | -8/Materials | Lost 3 parts (1p1u1w) 1468 | -8/Materials | Discovered new exit (range 16) 1500 | -8/Materials | Identified exit to Factory 1501 | -8/Materials | Entered Factory 1501 | -7/Factory | Evolved 2 slots: Utility x2 1758 | -7/Factory | Build established: Hacker-Mutant 1935 | -7/Factory | Discovered new exit (range 22) 2060 | -7/Factory | Core integrity fell below 50% 2091 | -7/Factory | Entered another Factory area 2091 | -6/Factory | Evolved 2 slots: Utility x2 2118 | -6/Factory | Lost 7 parts (2p1n2u2w) 2151 | -6/Factory | Fabricated Hacking Suite (x1) 2153 | -6/Factory | Hacking Suite fried by hacking feedback 2189 | -6/Factory | Fabricated Hacking Suite (x1) 2487 | -6/Factory | Local fabrication network quarantined 2791 | -6/Factory | First assault squad dispatched 2916 | -6/Factory | Lost 3 parts (1n2u) 2943 | -6/Factory | Core integrity fell below 50% 3014 | -6/Factory | Lost 4 parts (1n3u) 3104 | -6/Factory | Core integrity fell below 20% 3142 | -6/Factory | Lost 4 parts (1n2u1w) 3172 | -6/Factory | Destroyed by S-27 Virus with Autogun Last Messages --------------- 03111_ Imp. Gravmag System destroyed. 03111_ Hacking Suite destroyed. 03122_ Penetrated by Slug. 03122_ Pressure Siphon disabled. 03137_ K-01 Serf cleans the Assembly Bed. 03139_ Slug penetrates Wall. 03141_ ALERT: Significant disruption in Zone 9T, assault force dispatched. 03143_ Slug penetrates U-05 Engineer. 03143_ Slug penetrates K-01 Serf. 03143_ K-01 Serf destroyed. 03148_ Slammed into U-05 Engineer. 03154_ Acquired 14 matter. 03154_ Extracted 11 matter. 03169_ Slug penetrates P-60 Hacker. 03169_ Slug penetrates Wall. 03171_ Slug penetrates P-60 Hacker. 03171_ Destroyed Shock Rifle. 03171_ Slug penetrates Wall. 03171_ Imp. Gravmag System destroyed. 03171_ Slug penetrates Wall. Map ----- +----------------------------------------------------+ | ????????????????????????????????#! ##### | | ????????????????????????????????# """""" + | | ????????????????????????????????# """""" ##### | | ????????????????????????????????# """""" #???? | | ????????????????????????????????# """""" #???? | | ????????????????????????????????# #???# | | ????????????????????????????????# #???# | | ????????????????????????????????#/############???# | | ????????????????????????????????# #??????????????# | | ????????????????????????????????# #??????????????# | | ????????????????????????????????# #??????????????? | | ????????????????????????????????# #?######???????? | | ????????????????????????????????# #? #???????? | | ????????????????????????????????# # #???????? | | ?????????????????????????# ###### # """ #???????? | | ??????????????????? + """ #???????? | | ??????????????????????????####### # """ #???????? | | ???????????????????############## # #???????? | | ???????????????????# # #?######???????? | | ???????????????????# # #??????????????? | | ???????????????????# #*#??????????????? | | ?????????????# ????# #=#??????????????? | | ?????????????# ??# # #??????????????? | | ????????????## # #!#??????????????? | | ????? / s s/s # #??????????????? | | ????????????## # @ # #??????????????? | | ?????????????# ??# # #??????????????? | | ?????????????# ????# p #??????????????? | | ???????????????????# # #??????????????? | | ?????????????# # #??????????????? | | ???????????############## #??????????????? | | ????????????????????????? ??????????????? | | ? ????????????????????????? ??????????????? | | ?????????????????????????? ??????????????? | | #+##???????????????????????????? ??????????????? | | ??????????????????????????????? ?????????????? | | ???????????????????????????????# ""?????????????? | | ???????????????????????????????# ""?????????????? | | ???????????????????????????????+ ""?????????????? | | ???????????????????????????????# ???????????????? | | ???????????????????????????????# ???????????????? | | ????????????????????????????????#+???????????????? | | ?????????????????????????????????????????????????? | | ?????????????????????????????????????????????????? | | ?????????????????????????????????????????????????? | | ?????????????????????????????????????????????????? | | ?????????????????????????????????????????????????? | | ?????????????????????????????????????????????????? | | ?????????????????????????????????????????????????? | | ?????????????????????????????????????????????????? | +----------------------------------------------------+ Best States ------------- Heat Dissipation 51 Energy Generation 31 Energy Capacity 360 Matter Stores 300 Matter Capacity 300 Sight Range 22 Robot Scan Range 13 Terrain Scan Range 24 Terrain Scan Density 10 Jamming Range 8 Power Amplification 20 Additional Mass Support 9 Core Shielding 20 Thermal Conversion 60 Evasion (%) 69 Core Analysis 6 Recoil Reduction 4 Offensive Hacking 40 Item Schematics ----------------- ECM Suite | -9/Materials | Scanalyzed Minigun | -9/Materials | Scanalyzed Hacking Suite | -8/Materials | Scanalyzed Imp. EM Shotgun | -8/Materials | Scanalyzed Maneuvering Thrusters | -8/Materials | Scanalyzed Imp. Grenade Launcher | -8/Materials | Scanalyzed Transmission Jammer | -8/Materials | Scanalyzed Robot Schematics ------------------ None Fabricated ------------ Hacking Suite | x1 | -6/Factory Hacking Suite | x1 | -6/Factory Alien Tech Used ----------------- None Achievements -------------- Safety First Challenges ------------ None Game ------ Seed DeepArmageddonRegulator Manual? 0 Play Time 00:43:12 Cumulative 34.4 hours Start 2021.07.22 @ 19:34:37 End 2021.07.22 @ 20:17:34 Sessions 1 Manual Loads 0 Difficulty Rogue Special Mode None Game No. 54 Rogue 54 Adventurer 0 Explorer 0 Win Type - Total 0 Types 0/0/0/0/0/0/0/0/0 Lore% 23 Gallery% 38 Achievement% 24 Wizard Run 0 Options --------- ASCII 0 Keyboard 0 Movement Mouse Keybinds 0 Fullscreen 1 Font 16/Cog Map View 76x50 Tactical HUD 1 Map Filters NONE Filters NONE Steam 1 RUN: 341bf25e-6993-4fb5-b516-8b9fadcbf0d9